 Dungeon Crawl Stone Soup version 0.28-a0-46-g7b1be97da7 (webtiles) character file.

Game seed: 8165144284384039335

136 MirrMurr the Thrower (level 5, -11/43 HPs)
             Began as a Gnoll Hunter on July 29, 2021.
             Blown up by Ijyb (12 damage)
             ... with a mindburst bolt
             ... on level 4 of the Dungeon.
             The game lasted 00:06:14 (3011 turns).

MirrMurr the Thrower (Gnoll Hunter)                 Turns: 3011, Time: 00:06:15

Health: -11/43     AC:  5    Str: 11    XL:     5   Next: 19%
Magic:  7/7        EV: 11    Int: 12    God:
Gold:   121        SH:  0    Dex: 12    Spells: 6/6 levels left

rFire   . . .      SeeInvis .   a - +0 spear (vorpal)
rCold   . . .      Faith    .   (no shield)
rNeg    . . .      Spirit   .   t - +0 ring mail
rPois   .          Reflect  .   e - +0 hat
rElec   .          Harm     .   (no cloak)
rCorr   .          Rampage  .   (no gloves)
Will    .....                   (no boots)
Stlth   +.........              (no amulet)
HPRegen 0.14/turn               (no ring)
MPRegen 0.10/turn               (no ring)

@: no status effects
A: fangs 1, strong nose, distributed training
a: no special abilities


You were on level 4 of the Dungeon.
You visited 1 branch of the dungeon, and saw 4 of its levels.

You collected 121 gold pieces.

Inventory:

Hand Weapons
 a - a +0 vorpal spear (weapon)
 n - a +0 hunting sling
 w - a +1 dagger of venom
Missiles
 c - 6 javelins
 d - 2 throwing nets
 g - 15 sling bullets
 j - 111 stones
 p - 18 poisoned darts
 s - 5 silver boomerangs (quivered)
Armour
 e - a +0 hat (worn)
 t - a +0 ring mail (worn)
Scrolls
 f - a scroll of brand weapon {unknown}
 i - a scroll of identify {unknown}
 k - a scroll of immolation {unknown}
 o - a scroll of fear {unknown}
 q - 2 scrolls of enchant weapon {unknown}
 r - a scroll of teleportation {unknown}
Potions
 h - a potion of flight {unknown}
 l - a potion of might {unknown}
 m - a potion of lignification {unknown}


   Skills:
 + Level 4.7 Fighting
 + Level 1.4 Short Blades
 + Level 1.4 Long Blades
 + Level 1.4 Axes
 + Level 1.4 Maces & Flails
 + Level 1.4 Polearms
 + Level 1.4 Staves
 + Level 1.4 Slings
 + Level 1.4 Bows
 + Level 1.4 Crossbows
 + Level 8.6 Throwing
 + Level 1.4 Armour
 + Level 4.7 Dodging
 + Level 2.7 Stealth
 + Level 1.4 Shields
 + Level 1.4 Unarmed Combat
 + Level 1.4 Spellcasting
 + Level 1.1 Conjurations
 + Level 1.1 Hexes
 + Level 1.1 Summonings
 + Level 1.1 Necromancy
 + Level 1.1 Translocations
 + Level 1.1 Transmutations
 + Level 1.1 Fire Magic
 + Level 1.1 Ice Magic
 + Level 1.1 Air Magic
 + Level 1.1 Earth Magic
 + Level 1.1 Poison Magic
 + Level 1.5 Invocations
 + Level 1.4 Evocations


You had 6 spell levels left.
You didn't know any spells.
Your spell library contained the following spells:

 Spells                   Type           Power      Damage    Failure   Level
 Conjure Flame            Conj/Fire      3%         6-21      78%         3
 Ignite Poison            Fire/Tmut/Pois 3%         N/A       78%         3
 Sticky Flame             Conj/Fire      3%         2d3       99%         4


Dungeon Overview and Level Annotations

Branches:
Dungeon (4/15)
 Temple: D:4-7

Altars:
Gozag

Annotations:
D:1 dig
D:4 Ijyb


Innate Abilities, Weirdness & Mutations

You have very sharp teeth.
Your uncanny sense of smell can sniff out nearby items.
Your experience applies equally to all skills.


Message History

Ijyb the Twisted Goblin comes into view.
She is wielding a +0 dagger and carrying a wand of mindburst (14).
Found a scroll labelled BYLEEM QIHIMPU, a ring mail and 5 gold pieces.
Ijyb shouts!
You hit the endoplasm.
You kill the endoplasm!
Ijyb drinks a potion.
Ijyb suddenly seems more resistant.
You barely miss Ijyb. Your bite misses Ijyb.
Ijyb zaps a wand.
Your mind is blasted!
You closely miss Ijyb. Ijyb hits you with a +0 dagger.
You hit Ijyb.
Ijyb is moderately wounded.
Ijyb barely misses you.
You miss Ijyb.
Ijyb is moderately wounded.
Ijyb zaps a wand.
Your mind is blasted!
You hit Ijyb but do no damage.
Ijyb is moderately wounded.
Ijyb closely misses you.
You barely miss Ijyb.
Ijyb is moderately wounded.
Ijyb hits you with a +0 dagger.
You barely miss Ijyb.
Ijyb is moderately wounded.
Ijyb closely misses you.
You hit Ijyb but do no damage.
Ijyb is moderately wounded.
Ijyb zaps a wand.
Your mind is blasted!
Ouch! That really hurt!
* * * LOW HITPOINT WARNING * * *
A kobold comes into view. It is wielding a +0 short sword.
Ijyb barely misses you.
The kobold shouts!
Ijyb zaps a wand.
Keep disrobing? [Y]es or [N]o only, please.
Keep disrobing? [Y]es or [N]o only, please.
Keep disrobing?
You stop removing your armour.
Your mind is blasted!
You die...

...........###
.......K......
..............#
....$......[..#
..............#
..............##
..........g...?#
#........@.....#
#............##
##.........###
#######
#..####..###
##.....## .#
##..#####.......##
#...##.[........##
##..##......<....#
##..#...........#
∆ ##..............


You could see Ijyb (resistant) and a kobold.

Vanquished Creatures
  A hound (D:4)
  An orc wizard (D:3)
  3 dart slugs
  4 orcs (D:3)
  3 endoplasms
  4 giant cockroaches
  5 goblins
  2 hobgoblins
  12 jackals
  5 kobolds
  4 quokkas
  5 ball pythons
  4 bats
  3 frilled lizards
  9 rats
65 creatures vanquished.

Notes
Turn   | Place    | Note
-------+----------+-------------------------------------------
     0 | D:1      | MirrMurr the Gnoll Hunter began the quest for the Orb.
     0 | D:1      | Reached XP level 1. HP: 20/20 MP: 1/1
   312 | D:1      | Reached XP level 2. HP: 26/26 MP: 2/2
   554 | D:1      | Found a faded altar of an unknown god.
   652 | D:1      | Reached XP level 3. HP: 19/31 MP: 3/3
  1031 | D:1      | Reached skill level 1 in Invocations
  1536 | D:2      | Reached skill level 1 in Short Blades
  1536 | D:2      | Reached skill level 1 in Long Blades
  1536 | D:2      | Reached skill level 1 in Axes
  1536 | D:2      | Reached skill level 1 in Maces & Flails
  1536 | D:2      | Reached skill level 1 in Polearms
  1536 | D:2      | Reached skill level 1 in Staves
  1536 | D:2      | Reached skill level 1 in Slings
  1536 | D:2      | Reached skill level 1 in Bows
  1536 | D:2      | Reached skill level 1 in Crossbows
  1536 | D:2      | Reached skill level 1 in Armour
  1536 | D:2      | Reached skill level 1 in Shields
  1536 | D:2      | Reached skill level 1 in Unarmed Combat
  1536 | D:2      | Reached skill level 1 in Spellcasting
  1536 | D:2      | Reached skill level 1 in Evocations
  1954 | D:3      | Reached XP level 4. HP: 23/38 MP: 5/5
  2332 | D:3      | Reached skill level 1 in Conjurations
  2332 | D:3      | Reached skill level 1 in Hexes
  2332 | D:3      | Reached skill level 1 in Summonings
  2332 | D:3      | Reached skill level 1 in Necromancy
  2332 | D:3      | Reached skill level 1 in Translocations
  2332 | D:3      | Reached skill level 1 in Transmutations
  2332 | D:3      | Reached skill level 1 in Fire Magic
  2332 | D:3      | Reached skill level 1 in Ice Magic
  2332 | D:3      | Reached skill level 1 in Air Magic
  2332 | D:3      | Reached skill level 1 in Earth Magic
  2332 | D:3      | Reached skill level 1 in Poison Magic
  2473 | D:3      | Found an opulent altar of Gozag.
  2892 | D:4      | Reached XP level 5. HP: 43/43 MP: 5/7
  2998 | D:4      | Noticed Ijyb
  3010 | D:4      | HP: 1/43 [disintegration (24)]
  3011 | D:4      | Blown up by Ijyb

Illustrated notes

Levels and vault maps discovered:
D:1:      onia_arrival_handbag, layout_loops_ring,
          shapermc_ecumenical_altar_petra, due_unseen_surprise
D:2:      layout_rooms
D:3:      layout_loops_cross, nicolae_gozag_cash_rules_everything_around_me
D:4:      layout_cave_pods, uniq_ijyb, uniq_robin

Skill      XL: |  1  2  3  4 |
---------------+-------------+-----
Invocations    | 1 |  1.5
Short Blades   | 1 |  1.4
Long Blades    | 1 |  1.4
Axes           | 1 |  1.4
Maces & Flails | 1 |  1.4
Polearms       | 1 |  1.4
Staves         | 1 |  1.4
Slings         | 1 |  1.4
Bows           | 1 |  1.4
Crossbows      | 1 |  1.4
Armour         | 1 |  1.4
Shields        | 1 |  1.4
Unarmed Combat | 1 |  1.4
Spellcasting   | 1 |  1.4
Evocations     | 1 |  1.4
Conjurations   | 1 |  1.1
Hexes          | 1 |  1.1
Summonings     | 1 |  1.1
Necromancy     | 1 |  1.1
Translocations | 1 |  1.1
Transmutations | 1 |  1.1
Fire Magic     | 1 |  1.1
Ice Magic      | 1 |  1.1
Air Magic      | 1 |  1.1
Earth Magic    | 1 |  1.1
Poison Magic   | 1 |  1.1
Fighting       | |  4.7
Throwing       | |  8.6
Dodging        | |  4.7
Stealth        | |  2.7

Action                   |  1- 3 |  4- 6 || total
-------------------------+-------+-------++-------
Melee: Short sword       |    68 |       ||    68
       Bite              |    16 |     1 ||    17
       Dagger            |    85 |       ||    85
       Spear             |    21 |    25 ||    46
Throw: Javelin           |     1 |       ||     1
       Stone             |     8 |    50 ||    58
       Boomerang         |       |     9 ||     9
  Use: Potion            |     2 |       ||     2
 Stab: Sleeping          |     6 |       ||     6
Armor: Leather armour    |    33 |     1 ||    34
Dodge: Dodged            |    98 |    13 ||   111

Table legend: (Time is in decaauts)
 A = Elapsed time spent in this place.
 B = Non-inter-level travel time spent in this place.
 C = Inter-level travel time spent in this place.
 D = Time resting spent in this place.
 E = Time spent auto-exploring this place.
 F = Levels seen in this place.
 G = Mean time per level.
                   A        B        C        D        E       F      G
               +--------+--------+--------+--------+--------+-----+--------+
         Total |   2971 |   2621 |    350 |     12 |   2114 |   4 |  742.8 |
       Dungeon |   2971 |   2621 |    350 |     12 |   2114 |   4 |  742.8 |
               +--------+--------+--------+--------+--------+-----+--------+

Top non-repeatable levels by time:
     D:1: 1220 daAuts
     D:3: 1086 daAuts
     D:2: 552 daAuts
     D:4: 112 daAuts
